 Dungeon Crawl Stone Soup version 0.26-a0-412-ga3d1f51b (webtiles) character file.

Game seed: 13891749419268279894

12271 Illumine the Nimble (level 11, -17/84 HPs)
             Began as a Merfolk Ice Elementalist on July 23, 2020.
             Was an Initiate of Sif Muna.
             Engulfed by a cloud of flame (19 damage)
             ... in a volcano.
             The game lasted 00:34:23 (13357 turns).

Illumine the Nimble (Merfolk Ice Elementalist)     Turns: 13357, Time: 00:34:24

Health: -17/84     AC:  7    Str:  9    XL:     11   Next: 90%
Magic:  21/21      EV: 22    Int: 23    God:    Sif Muna [......]
Gold:   345        SH:  5    Dex: 23    Spells: 9/24 levels left

rFire    . . .     SeeInvis .   w - +8 war axe "Luoth" {vamp, +Rage rF- Int+5 Dex+3}
rCold    + . .     Faith    .   (no shield)
rNeg     + + .     Spirit   .   O - +2 robe {rC+ rF+}
rPois    .         Reflect  +   F - +0 helmet
rElec    .         Harm     .   K - +0 cloak
rCorr    .                      (no gloves)
MR       .....                  E - +0 pair of boots
Stlth    +++.......             s - amulet of reflection
HPRegen  0.24/turn              D - ring "Ceizue" {Wiz rN++}
MPRegen  0.17/turn              m - +6 ring of dexterity

@: no status effects
A: change form in water, swift swim, stealthy swim
a: Renounce Religion, Evoke Berserk Rage


You were in a volcano.
You worshipped Sif Muna.
Sif Muna was noncommittal.
You visited 3 branches of the dungeon, and saw 11 of its levels.
You also visited: Volcano.

You collected 555 gold pieces.
You spent 210 gold pieces at shops.

Inventory:

Hand Weapons
 e - a +0 short sword
 v - a +1 halberd of electrocution
 w - the +8 war axe "Luoth" (weapon) {vamp, +Rage rF- Int+5 Dex+3}
   (You found it on level 4 of the Dungeon)

   It inflicts no extra harm, but heals its wielder when it wounds a living foe.
   It affects your intelligence (+5).
   It affects your dexterity (+3).
   It makes you vulnerable to fire.
   It lets you go berserk.
 L - a +6 morningstar
 M - a +1 trident
Missiles
 c - 5 poisoned darts (quivered)
 n - a throwing net
Armour
 y - a cursed +0 leather armour
 C - the +1 robe "Guboerim" {Int+4}
   (You bought it in a shop on level 7 of the Dungeon)

   It affects your intelligence (+4).
 E - a +0 pair of boots (worn)
 F - a +0 helmet (worn)
 K - a +0 cloak (worn)
 O - a +2 robe of resistance (worn)
Jewellery
 a - an uncursed amulet of regeneration
 m - a +6 ring of dexterity (right hand)
 s - an amulet of reflection (around neck)
 x - an uncursed ring of resist corrosion
 D - the ring "Ceizue" (left hand) {Wiz rN++}
   (You found it on level 7 of the Dungeon)

   [ring of wizardry]

   It improves your spell success rate.
   It greatly protects you from negative energy.
 N - an uncursed amulet of faith
Wands
 b - a wand of digging (4)
 q - a wand of flame (26)
 I - a wand of iceblast (12)
Scrolls
 d - 4 scrolls of remove curse
 h - 4 scrolls of teleportation
 l - 2 scrolls of amnesia
 r - 2 scrolls of fear
 t - a scroll of fog
 G - a scroll of enchant armour
 H - a scroll of blinking
Potions
 f - a potion of haste
 g - 2 potions of magic
 i - a potion of resistance {unknown}
 j - a potion of lignification {unknown}
 k - 2 potions of curing
 o - 3 potions of degeneration {unknown}
 p - 2 potions of flight {unknown}
 u - 3 potions of stabbing {unknown}
 A - a potion of invisibility {unknown}
 B - 2 potions of mutation {unknown}


   Skills:
 + Level 7.4 Fighting
 + Level 4.8(5.4) Axes
 - Level 6.2(8.3) Polearms
 + Level 10.3 Dodging
 - Level 2.1 Stealth
 + Level 7.3 Spellcasting
 + Level 3.9 Conjurations
 - Level 4.4 Summonings
 + Level 9.4 Ice Magic
 + Level 5.3 Invocations


You had 9 spell levels left.
You knew the following spells:

 Your Spells              Type           Power        Failure   Level
a - Freeze                Ice            ####         1%          1
b - Frozen Ramparts       Ice            ######       1%          3
c - Ozocubu's Armour      Ice            ######..     1%          3
d - Summon Ice Beast      Ice/Summ       #####...     1%          4
e - Hailstorm             Conj/Ice       #####...     1%          4

Your spell library contained the following spells:

 Spells                   Type           Power        Failure   Level


Dungeon Overview and Level Annotations

Branches:
Dungeon (8/15)             Temple (1/1) D:7            Lair (2/6) D:8
Volcano (1/1)
  Swamp: Lair:2-4    Shoals: Lair:2-4     Snake: Lair:2-4    Spider: Lair:2-4

Altars:
Ashenzari
Cheibriados
Dithmenos
Elyvilon
Fedhas
Gozag
Hepliaklqana
Kikubaaqudgha
Nemelex Xobeh
Okawaru
Qazlal
Ru
Sif Muna
Trog
Uskayaw
Vehumet
Wu Jian
Xom
Yredelemnul
Zin

Shops:
D:7 [

Annotations:
D:4 3 runed translucent doors, jtd910's ghost, amateur FoAK
Lair:2 exclusion: oklob plant


Message History

Casting: Freeze (safe; 1% risk of failure)
Confirm with . or Enter, or press ? or * to list all spells.
Aiming: Freeze (safe; 1% risk of failure)
Press: ? - help, Shift-Dir - straight line, f/p - fire bat
Aim: a fire bat (lava, almost dead)
The fire bat is frozen!
You freeze the fire bat!
You kill the fire bat!
Sif Muna accepts your kill.
Unknown command.
The air gets thick with the scent of sulphur.
A lava snake comes into view.
The volcano roars to life, belching forth lava!
You are engulfed in blazing flames.
You are engulfed in blazing flames.
* * * LOW HITPOINT WARNING * * *
Unknown command.
You are engulfed in blazing flames.
* * * LOW HITPOINT WARNING * * *
You are engulfed in blazing flames.
You die...

≈§§≈≈≈≈≈≈§§§≈≈≈§°≈○.○☼☼....####
≈§§≈≈≈≈§≈≈≈§≈≈°≈○○○...........#
§≈≈≈≈≈≈§°≈≈≈≈°.°........#
≈≈≈§≈§≈§≈≈°≈≈○≈≈......##
§≈§≈§§≈○°○§°°≈≈○.....#
≈§≈≈≈≈≈§○°§≈°°°....#
§§°§§≈≈°○≈○○≈.°...##
§°°°≈≈°°..§°°°.....#
≈§°≈≈≈°@°°§§≈°....##
§§≈°≈.≈○≈§≈°○≈°....#
§S○°.○§°≈°≈≈≈.....###
≈°.°°≈≈§≈§○≈≈°......
≈≈.°°≈§§°°≈≈○.....##
°.°○≈○≈≈§○≈..°....##
§°≈≈§≈°≈°§§.°......#
°°§≈≈§§≈≈§≈§§......# .
.§§§§§≈§≈≈≈≈≈≈≈≈≈......#


You could see a lava snake (asleep).

Vanquished Creatures
  Maurice (D:8)
  Joseph (D:8)
  3 cane toads
  4 komodo dragons
  7 blink frogs (Lair:1)
  2 hippogriffs
  Sigmund (D:2)
  11 yaks
  A basilisk (Lair:1)
  A fire bat (Volcano)
  Edmund (D:5)
  2 water moccasins
  Duvessa (D:4)
  3 porcupines
  A sky beast (D:6)
  3 orc warriors
  An ogre (D:4)
  4 phantoms
  A black bear (D:8)
  A hornet zombie (D:7)
  3 wolves (Lair:1)
  4 centaurs
  2 crocodiles (Lair:1)
  11 bullfrogs
  Dowan (D:4)
  A scorpion (D:8)
  2 jellies
  8 wights
  2 lava snakes (Volcano)
  2 quasits
  3 hounds
  A centaur zombie (D:7)
  2 bullfrog skeletons (D:4)
  4 orc priests
  5 orc wizards
  2 iguanas
  6 worker ants
  A killer bee zombie (D:8)
  A hound skeleton (D:2)
  A worker ant zombie (D:8)
  11 gnolls
  14 adders
  2 white imps
  An ufetubus (D:7)
  An adder skeleton (D:4)
  4 worms
  3 dart slugs
  2 leopard geckos (D:4)
  20 orcs
  3 ball pythons
  14 giant cockroaches
  9 goblins
  7 hobgoblins
  18 jackals
  4 quokkas
  11 bats
  5 frilled lizards
  A jackal skeleton (D:4)
  10 kobolds
  11 rats
263 creatures vanquished.

Vanquished Creatures (collateral kills)
  2 hydras (Lair:1)
  Erica (Lair:1)
  A scorpion (D:8)
  A wight (D:8)
5 creatures vanquished.

Vanquished Creatures (others)
  4 fungi
  A plant (D:4)
5 creatures vanquished.

Grand Total: 273 creatures vanquished

Notes
Turn   | Place    | Note
-------+----------+-------------------------------------------
     0 | D:1      | Illumine the Merfolk Ice Elementalist began the quest for
                  | the Orb.
     0 | D:1      | Reached XP level 1. HP: 13/13 MP: 3/3
   300 | D:1      | Reached skill level 3 in Dodging
   300 | D:1      | Reached XP level 2. HP: 19/19 MP: 0/5
  1058 | D:2      | Noticed Sigmund
  1064 | D:1      | Reached XP level 3. HP: 21/24 MP: 4/6
  1311 | D:2      | Reached skill level 1 in Polearms
  1363 | D:2      | Learned a level 3 spell: Frozen Ramparts
  1367 | D:2      | Learned a level 3 spell: Ozocubu's Armour
  2000 | D:2      | Reached XP level 4. HP: 22/30 MP: 3/8
  2157 | D:2      | Reached skill level 5 in Ice Magic
  2414 | D:3      | Reached skill level 4 in Dodging
  2443 | D:3      | Reached XP level 5. HP: 15/35 MP: 5/9
  2878 | D:3      | Found a hazy altar of Hepliaklqana.
  2879 | D:3      | Found a white marble altar of Elyvilon.
  2902 | D:3      | Found a shimmering blue altar of Sif Muna.
  3499 | D:4      | Noticed Duvessa
  3505 | D:4      | Noticed Dowan
  3556 | D:4      | Noticed an ogre
  3564 | D:4      | Killed an ogre
  3564 | D:4      | Reached XP level 6. HP: 23/41 MP: 3/11
  3995 | D:2      | Reached skill level 5 in Dodging
  4041 | D:2      | Learned a level 4 spell: Summon Ice Beast
  4136 | D:2      | Found a shadowy altar of Dithmenos.
  4167 | D:2      | Killed Sigmund
  4167 | D:2      | Reached skill level 1 in Fighting
  4167 | D:2      | Reached XP level 7. HP: 32/48 MP: 8/12
  4314 | D:2      | Reached skill level 1 in Summonings
  4613 | D:4      | Got a warped war axe
  4934 | D:4      | Upgraded the game from 0.26-a0-402-g649b3d1 to
                  | 0.26-a0-403-g5864c69
  4934 | D:4      | Found a runed translucent gate.
  4934 | D:4      | Found a runed translucent gate.
  5142 | D:4      | Killed Duvessa
  5142 | D:4      | Reached skill level 5 in Polearms
  5148 | D:4      | Killed Dowan
  5407 | D:4      | Reached XP level 8. HP: 56/56 MP: 10/14
  5660 | D:4      | Found a runed translucent gate.
  5660 | D:4      | Noticed jtd910's ghost (amateur FoAK)
  5663 | D:4      | Identified the +11 whip of the Several Beasts {drain, Int+4
                  | Dex+2 SInv}
  5674 | D:4      | Reached skill level 6 in Dodging
  5987 | D:5      | Entered Level 5 of the Dungeon
  6010 | D:5      | Noticed Edmund
  6438 | D:5      | Identified the +8 war axe "Luoth" {vamp, +Rage rF- Int+5
                  | Dex+3} (You found it on level 4 of the Dungeon)
  7104 | D:5      | Killed Edmund
  7218 | D:6      | Reached skill level 1 in Axes
  7218 | D:6      | Reached skill level 5 in Spellcasting
  7218 | D:6      | Reached XP level 9. HP: 65/65 MP: 16/16
  7237 | D:6      | Reached skill level 7 in Dodging
  8046 | D:7      | Found Wuthoer's Antique Armour Shoppe.
  8051 | D:7      | Bought a sheer robe for 210 gold pieces
  8065 | D:7      | Identified the +1 robe "Guboerim" {Int+4} (You bought it in
                  | a shop on level 7 of the Dungeon)
  8263 | D:7      | Got a scorched turquoise ring
  8264 | D:7      | Identified the ring "Ceizue" {Wiz rN++} (You found it on
                  | level 7 of the Dungeon)
  8397 | D:7      | Found a staircase to the Ecumenical Temple.
  9124 | D:7      | Learned a level 4 spell: Hailstorm
  9392 | Temple   | Entered the Ecumenical Temple
  9608 | D:3      | Became a worshipper of Sif Muna the Loreminder
  9766 | D:8      | Reached skill level 5 in Fighting
  9766 | D:8      | Reached skill level 8 in Dodging
  9822 | D:8      | Found a staircase to the Lair.
  9827 | D:8      | Reached skill level 1 in Invocations
  9827 | D:8      | Reached XP level 10. HP: 73/74 MP: 14/18
  9960 | D:8      | Reached skill level 1 in Conjurations
 10078 | D:8      | Noticed Maurice
 10088 | D:8      | Killed Maurice
 10189 | D:8      | Noticed Joseph
 10206 | D:8      | Killed Joseph
 10602 | D:8      | Reached * piety under Sif Muna
 10796 | Lair:1   | Entered Level 1 of the Lair of Beasts
 10962 | D:8      | Reached skill level 9 in Dodging
 11169 | Lair:1   | Noticed a cane toad
 11317 | Lair:1   | Killed a cane toad
 11317 | Lair:1   | Reached XP level 11. HP: 81/83 MP: 16/20
 11450 | Lair:1   | Noticed an eight-headed hydra
 11452 | Lair:1   | Noticed a six-headed hydra
 11458 | Lair:1   | Killed a six-headed hydra
 11609 | Lair:1   | Killed an eight-headed hydra
 12134 | Lair:1   | Reached skill level 10 in Dodging
 12138 | Lair:1   | Reached skill level 5 in Invocations
 12199 | Lair:1   | Noticed Erica
 12223 | Lair:1   | Killed Erica
 12909 | Lair:2   | Upgraded the game from 0.26-a0-403-g5864c69 to
                  | 0.26-a0-412-ga3d1f51b
 13079 | Lair:2   | Noticed an oklob plant
 13084 | Lair:2   | Found a dark tunnel.
 13153 | Volcano  | Entered a volcano
 13356 | Volcano  | HP: 1/84 [something (19)]
 13357 | Volcano  | Engulfed by a cloud of flame

Illustrated notes

Levels and vault maps discovered:
D:1:      minmay_arrival_four_loops, layout_basic
D:2:      minmay_roachtagon, layout_basic, grunt_dithmenos_smoke, uniq_sigmund
D:3:      layout_basic, lemuel_crystal_altar, gammafunk_temple_overflow_statue
D:4:      layout_cave_pools, gammafunk_ghost_nasty_kobolds, st_stairs_14,
          uniq_duvessa
D:5:      layout_cave_pods, uniq_edmund
D:6:      layout_basic
D:7:      layout_loops_ring, minmay_temple_entry_from_below_a, serial_shops,
          shop
D:8:      layout_loops_ring, grunt_lair_entry_orc_guard_hut, uniq_joseph,
          uniq_maurice
Temple:   regret_index_temple_mists
Lair:1:   layout_cave_pods, minivault_23, uniq_erica
Lair:2:   layout_hall_layers, enter_volcano_2, chequers_serial_rivers_micro_e,
          beast_lair_carwin_4, grunt_megastairs_5, minmay_lair_oklob_chamber
Volcano:  volcano_lake [vl_original]

Skill      XL: |  1  2  3  4  5  6  7  8  9 10 11 |
---------------+----------------------------------+-----
Dodging        | 3 4 5 6 8 9 10 | 10.3
Polearms       | 1 2 3 4 5 6 |  6.2
Ice Magic      | 5 6 7 8 9 |  9.4
Spellcasting   | 3 4 5 6 7 |  7.3
Fighting       | 1 2 3 5 6 7 |  7.4
Summonings     | 1 3 4 |  4.4
Axes           | 1 2 3 4 |  4.8
Invocations    | 1 3 5 |  5.3
Conjurations   | 2 3 |  3.9
Stealth        | |  2.1

Action                   |  1- 3 |  4- 6 |  7- 9 | 10-12 || total
-------------------------+-------+-------+-------+-------++-------
Melee: Unarmed           |     9 |       |       |       ||     9
       Spear             |    56 |    70 |       |       ||   126
       Short sword       |     1 |       |       |       ||     1
       Trident           |       |    74 |    26 |       ||   100
       Halberd           |       |       |    79 |       ||    79
       War axe           |       |       |    93 |   132 ||   225
Throw: Dart              |     1 |     5 |    15 |    23 ||    44
 Cast: Freeze            |    42 |    36 |    17 |    22 ||   117
       Frozen Ramparts   |     1 |     8 |    26 |    28 ||    63
       Summon Ice Beast  |       |       |     4 |    16 ||    20
  Use: Scroll            |       |       |    12 |     3 ||    15
       Potion            |       |       |       |     3 ||     3
 Stab: Distracted        |     1 |     1 |     1 |       ||     3
       Sleeping          |       |       |    12 |     3 ||    15
Armor: Robe              |     9 |    20 |    18 |    14 ||    61
Dodge: Dodged            |    65 |   141 |   174 |   162 ||   542
Block: Other             |       |       |    35 |    41 ||    76
       Reflection        |       |       |     2 |     4 ||     6

Table legend: (Time is in decaauts)
 A = Elapsed time spent in this place.
 B = Non-inter-level travel time spent in this place.
 C = Inter-level travel time spent in this place.
 D = Time resting spent in this place.
 E = Time spent auto-exploring this place.
 F = Levels seen in this place.
 G = Mean time per level.
                   A        B        C        D        E       F      G
               +--------+--------+--------+--------+--------+-----+--------+
         Total |  13425 |  12708 |    717 |   3773 |   6079 |  12 | 1118.8 |
       Dungeon |  10957 |  10288 |    669 |   3091 |   5056 |   8 | 1369.6 |
        Temple |     75 |     66 |      9 |      0 |     60 |   1 |   75.0 |
          Lair |   2192 |   2153 |     39 |    682 |    963 |   2 | 1096.0 |
       Volcano |    199 |    199 |      0 |      0 |      0 |   1 |  199.0 |
               +--------+--------+--------+--------+--------+-----+--------+

Top non-repeatable levels by time:
     D:3: 2026 daAuts
  Lair:1: 1942 daAuts
     D:2: 1751 daAuts
     D:4: 1408 daAuts
     D:7: 1381 daAuts
     D:8: 1272 daAuts
     D:1: 1127 daAuts
     D:5: 1077 daAuts
     D:6: 911 daAuts
  Lair:2: 250 daAuts
 Volcano: 199 daAuts
  Temple: 75 daAuts
